 Dungeon Sprint DCSS version 0.14-a0-77-g9a1e883 (console) character file.

1185 Dalvant the Arsonist (level 7, -28/40 HPs)
             Began as a Deep Elf Fire Elementalist on Oct 1, 2013.
             Annihilated by a boulder beetle (39 damage)
             ... in the Dungeon (Sprint II: "The Violet Keep of Menkaure").
             The game lasted 00:01:56 (377 turns).

Dalvant the Arsonist (Deep Elf Fire Elementalist)    Turns: 377, Time: 00:01:56

HP -28/40        AC  2     Str  5      XL: 7   Next: 34%
MP  16/21        EV 15     Int 22      God:
Gold 506         SH  0     Dex 15      Spells:  3 memorised,  5 levels left

Res.Fire  : . . .   See Invis. : .   (no weapon)
Res.Cold  : . . .   Warding    : .   a - +0 elf robe
Life Prot.: . . .   Conserve   : .   (no shield)
Res.Poison: .       Res.Corr.  : .   (no helmet)
Res.Elec. : .       Clarity    : .   (no cloak)
Sust.Abil.: . .     Spirit.Shd : .   (no gloves)
Res.Mut.  : .       Prev.Telep.: +   (no boots)
Res.Rott. : .       Flight     : .   (no amulet)
Saprovore : . . .                    (no ring)
                                     (no ring)

@: slightly resistant to hostile enchantments, quite stealthy
A: no striking features
a: no special abilities


You were in the Dungeon.
You were not hungry.

You visited 1 branch You collected 486 gold pieces.

Inventory:

Armour
 a - a +0 elven robe (worn)
Comestibles
 c - a bread ration
Scrolls
 i - a scroll of blinking
Potions
 e - a potion of heal wounds
 f - a potion of speed
 g - a potion of magic
Books
 b - a book of Flames

   Spells                             Type                      Level
   *Flame Tongue                      Conjuration/Fire             1
   Throw Flame                        Conjuration/Fire             2
   Conjure Flame                      Conjuration/Fire             3
   Inner Flame                        Hexes/Fire                   3
   *Sticky Flame                      Conjuration/Fire             4
   *Fireball                          Conjuration/Fire             5


   Skills:
 * Level 4.7 Fighting
 - Level 5.6 Dodging
 + Level 6.3 Stealth
 + Level 4.8 Spellcasting
 * Level 6.4 Conjurations
 + Level 12.8 Fire Magic


You had 5 spell levels left.
You knew the following spells:

 Your Spells              Type           Power        Failure   Level  Hunger
a - Flame Tongue          Conj/Fire      #####        1%          1    None
c - Sticky Flame          Conj/Fire      #####...     1%          4    ####...
v - Fireball              Conj/Fire      #####.....   8%          5    #####..


Dungeon Overview and Level Annotations

Branches:
Dungeon (1/1)

Altars:

Shops:
D ?+=!*[


Message History

Okay, then.
Casting: Flame Tongue
Confirm with . or Enter, or press ? or * to list all spells.
Aiming: Sticky Flame
Press: ? - help, Shift-Dir - straight line, f/p - boulder beetle
Aim: a boulder beetle (severely wounded, covered in liquid flames)
Okay, then.
The boulder beetle burns!
You open the door.
The lava snake hisses angrily.
The boulder beetle burns!
The boulder beetle stops burning.
The boulder beetle closely misses you. The boulder beetle misses you.
The boulder beetle curls into a ball and starts rolling!
The boulder beetle smashes into the boulder beetle!
The boulder beetle stops rolling.
There is an open door here.
The lava snake hisses angrily.
You close the door.
The boulder beetle bites you!
Ouch! That really hurt!
You die...

#+# §§§≈≈≈≈ §§§≈≈
≈≈≈S§ ≈§§ S§§
#≈≈#+++#+++##
#≈≈≈.........# ##+##
. ##BB@## ∩..
#.§#..# .∩..
####.#.## # ∩.⌠.#
##.###'## .##
∩.∩..#≈#...##<##$§.#
+≈+.#.'.<.'#
∩....#≈#...##<##.B.#
##### ##.###+# .##
#### ### #


You could see 2 boulder beetles.

Vanquished Creatures
  A mermaid (D)
  4 necrophages (D)
5 creatures vanquished.

Notes
Turn   | Place    | Note
--------------------------------------------------------------
     0 | D        | Dalvant, the Deep Elf Fire Elementalist, began the quest for the Orb.
     0 | D        | Reached XP level 1. HP: 10/10 MP: 4/4
     0 | D        | Noticed a necrophage
     0 | D        | Noticed a necrophage
     0 | D        | Noticed a necrophage
     0 | D        | Noticed a necrophage
     8 | D        | Killed a necrophage
     8 | D        | Reached skill level 5 in Dodging
     8 | D        | Reached skill level 8 in Fire Magic
     8 | D        | Reached XP level 2. HP: 15/15 MP: 0/7
     8 | D        | Reached XP level 3. HP: 19/19 MP: 0/10
     8 | D        | Reached XP level 4. HP: 24/24 MP: 0/12
    17 | D        | Killed a necrophage
    17 | D        | Reached skill level 5 in Stealth
    17 | D        | Reached skill level 10 in Fire Magic
    17 | D        | Reached XP level 5. HP: 28/28 MP: 1/15
    29 | D        | Killed a necrophage
    29 | D        | Reached skill level 11 in Fire Magic
    29 | D        | Reached XP level 6. HP: 9/34 MP: 14/18
   247 | D        | Killed a necrophage
   247 | D        | Reached skill level 5 in Conjurations
   253 | D        | Learned a level 4 spell: Sticky Flame
   259 | D        | Learned a level 5 spell: Fireball
   287 | D        | Noticed a mermaid
   293 | D        | Killed a mermaid
   293 | D        | Reached skill level 12 in Fire Magic
   293 | D        | Reached XP level 7. HP: 33/40 MP: 11/21
   351 | D        | Found Xoosh's Jewellery Shop.
   351 | D        | Found Tuvywk's General Store.
   351 | D        | Found Okoguck's Distillery.
   351 | D        | Found Peannage's Magic Scroll Boutique.
   351 | D        | Found Peihec's Antique Armour Shop.
   351 | D        | Found Xokisch's Book Shop.
   359 | D        | Noticed a boulder beetle
   359 | D        | Noticed a boulder beetle
   374 | D        | Noticed a lava snake
   374 | D        | Noticed a lava snake
   374 | D        | Noticed a lava snake
   377 | D        | Annihilated by a boulder beetle

Action                   |  1- 3 |  4- 6 |  7- 9 || total
-------------------------+-------+-------+-------++-------
Melee: Unarmed           |     1 |    15 |       ||    16
 Cast: Flame Tongue      |     4 |    14 |     4 ||    22
       Sticky Flame      |       |     1 |     1 ||     2
  Use: Potion            |     1 |     2 |       ||     3
